Map: Jagannatha LE

Players

MechItHappen

  • Race: Terran Terran
  • League: Diamond

ViBE - Winner!

  • Race: Zerg Zerg
  • League: Master

VOD

Have the link to the VOD?

Description

Time

  • Played on: May 4, 2021, 8:14 p.m.
  • Length: 18:55
Show
View Real Time Build Order
Export as new Build Order

MechItHappen Terran 

Build Orders: Reaper Expand 

Get SALT Encoding   

  12  0:01  SCV  
  13  0:13  SCV  
  14  0:17  Supply Depot  
  14  0:25  SCV  
  15  0:38  SCV  
  15  0:40  Barracks  
  16  0:44  Refinery  
  16  0:50  SCV  
  17  1:03  SCV  
  18  1:15  SCV  
  19  1:28  Reaper  
  19  1:29  Orbital Command  
  20  1:41  Command Center  
  20  1:52  Supply Depot  
  20  1:55  SCV  
  20  1:59  Refinery  
  21  2:02  Marine  
  22  2:09  SCV  
  23  2:16  Barracks  
  23  2:21  SCV  
  24  2:26  Barracks Tech Lab  
  24  2:33  SCV  
  25  2:45  SCV  
  25  2:46  Bunker  
  25  2:47  Stimpack  
  25  2:48  Marine  
  27  2:53  Orbital Command  
  27  2:58  SCV  
  28  3:04  Factory  
  28  3:05  Barracks Reactor  
  28  3:12  SCV  
  29  3:20  SCV, Marine  
  29  3:26  Barracks  
  31  3:28  SCV  
  31  3:33  SCV  
  33  3:40  SCV  
  34  3:48  Starport  
  34  3:49  Barracks Reactor  
  34  3:50  SCV  
  34  3:51  Marine  
  34  3:52  SCV  
  37  3:59  Supply Depot  
  37  4:01  Hellion x2  
  41  4:05  SCV  
  41  4:07  Armory  
  41  4:11  Marine  
  41  4:15  SCV  
  41  4:16  Barracks Reactor  
  43  4:17  SCV, Supply Depot  
  44  4:25  Marine  
  44  4:26  Marine  
  44  4:28  Medivac  
  48  4:31  Marine  
  48  4:32  Combat Shield  
  48  4:35  Supply Depot  
  48  4:36  SCV  
  48  4:37  SCV  
  51  4:44  Marine x2  
  53  4:48  Hellion  
  53  4:49  Hellion  
  57  4:55  Marine, Supply Depot  
  57  4:56  Marine  
  57  4:59  Medivac  
  61  5:02  Supply Depot  
  61  5:06  Marine x2  
  63  5:07  Marine  
  63  5:13  Supply Depot  
  64  5:15  Hellion  
  64  5:18  Hellion  
  64  5:19  Marine  
  64  5:21  Marine  
  70  5:24  Marine x2  
  70  5:25  SCV  
  70  5:28  Marine  
  73  5:29  Medivac  
  73  5:33  Supply Depot  
  73  5:34  SCV  
  77  5:37  Marine  
  77  5:38  Marine  
  77  5:39  Hellion  
  77  5:42  Hellion  
  83  5:43  Marine  
  83  5:44  Marine  
  83  5:46  Marine  
  86  5:55  Marine  
  86  5:56  Marine  
  88  5:59  Supply Depot  
  88  6:01  Marine  
  88  6:02  Marine  
  88  6:04  Marine  
  90  6:05  Medivac  
  90  6:10  Hellion x2  
  97  6:13  Marine  
  97  6:14  Marine  
  99  6:19  Marine  
  99  6:20  Marine  
  99  6:22  Marine  
  99  6:31  Marine  
  99  6:32  Marine  
  101  6:35  Medivac  
  101  6:36  Marine  
  101  6:38  Marine  
  101  6:39  Marine  
  106  6:49  Marine  
  106  6:50  Marine  
  105  6:54  Marine  
  105  6:56  Marine  
  105  6:57  Marine  
  97  7:02  Hellion x2, Command Center  
  97  7:07  Marine x2  
  94  7:12  Marine  
  94  7:14  Marine  
  94  7:15  Marine  
  94  7:17  SCV, Engineering Bay  
  94  7:18  Barracks, Engineering Bay  
  94  7:20  Barracks  
  92  7:24  Marine  
  92  7:25  Marine  
  90  7:30  Marine  
  90  7:31  Marine  
  90  7:33  Marine  
  86  7:42  Marine  
  86  7:43  Marine  
  88  7:49  Terran Infantry Armor Level 1, Terran Infantry Weapons Level 1  
  88  7:50  SCV x2, Barracks  
  90  7:52  Refinery  
  90  7:54  Refinery  
  90  7:57  Factory Tech Lab  
  90  8:02  SCV x2  
  90  8:05  Concussive Shells  
  92  8:06  Barracks Tech Lab, Marauder  
  94  8:13  Barracks Tech Lab  
  94  8:14  SCV x2  
  96  8:22  Orbital Command  
  96  8:26  Marauder  
  98  8:30  Marauder  
  98  8:32  Siege Tank  
  98  8:33  Marauder  
  105  8:43  Supply Depot  
  105  8:44  Orbital Command, Marine x3, Supply Depot  
  108  8:58  Marauder  
  108  8:59  Marauder  
  108  9:01  Marauder  
  114  9:03  Medivac  
  114  9:05  Barracks Tech Lab  
  114  9:08  Medivac  
  118  9:13  SCV x2  
  118  9:14  SCV  
  121  9:23  Marauder x2, Marine  
  121  9:24  Marauder  
  128  9:25  Marine  
  128  9:26  Marine x2  
  128  9:29  SCV x2  
  133  9:38  Siege Tank  
  136  9:39  Factory, Marine  
  136  9:41  Marine  
  136  9:44  Medivac  
  140  9:49  Terran Infantry Weapons Level 2  
  140  9:51  Terran Infantry Armor Level 2, Medivac  
  142  9:57  Marine x3  
  142  9:58  Marauder  
  147  10:08  Marine  
  148  10:15  Marine  
  149  10:21  Marine  
  149  10:23  Marauder  
  149  10:24  Marauder  
  149  10:27  Marine x2  
  149  10:28  Marine x2  
  122  10:33  Marine, Medivac, Siege Tank  
  122  10:34  Medivac  
  120  10:39  Marine  
  105  10:43  Marine  
  105  10:44  Marine  
  105  10:45  Marine x2  
  105  10:46  Marauder x2  
  102  10:51  Marine  
  103  10:57  Marine  
  103  11:01  Marine  
  103  11:02  Marine  
  103  11:03  Marine  
  103  11:05  Siege Tank  
  103  11:06  Factory Reactor, Medivac x2  
  103  11:07  Marauder  
  112  11:12  Refinery  
  112  11:14  Refinery  
  112  11:17  Barracks, Marine x2  
  112  11:18  Marauder  
  116  11:27  Command Center  
  116  11:32  SCV x2  
  118  11:43  SCV, Marine  
  118  11:44  SCV, Marine x4  
  118  11:46  Command Center  
  124  11:48  Marine x2  
  126  11:59  Marine  
  127  12:01  Marine x2  
  128  12:10  Siege Tank  
  128  12:11  Widow Mine  
  128  12:12  Widow Mine, Terran Infantry Weapons Level 3  
  135  12:16  Marine x2  
  135  12:22  Marine x2  
  137  12:23  Marauder, Marine x2  
  137  12:24  Marauder  
  145  12:34  Marine x2  
  147  12:40  Marine x2  
  149  12:46  Marine, Medivac  
  149  12:47  Marauder x2  
  149  12:48  Terran Infantry Armor Level 3  
  156  13:00  Marine x2  
  156  13:01  Marauder  
  156  13:04  Marauder  
  162  13:08  Marauder, Marine x3  
  167  13:13  Siege Tank  
  167  13:14  Widow Mine  
  172  13:20  Supply Depot  
  172  13:24  Supply Depot  
  172  13:25  Widow Mine  
  174  13:32  Marine x2  
  174  13:33  Marine  
  174  13:34  Marauder  
  179  13:38  Marauder  
  152  14:05  Marine x4  
  152  14:06  Marine x3  
  152  14:07  Marauder  
  133  14:12  Siege Tank  
  136  14:23  Marine x4  
  140  14:24  Marauder x3  
  140  14:28  SCV x2  
  135  14:32  Marine  
  134  14:41  Marine  
  104  14:56  Marine x4  
  104  14:57  Widow Mine, Marauder x3  
  104  14:58  Widow Mine  
  112  15:09  SCV  
  112  15:10  SCV x2  
  112  15:11  Planetary Fortress  
  115  15:14  Marauder  
  115  15:19  Marine  
  115  15:20  Marine x4  
  122  15:30  SCV x3  
  122  15:32  Marine x2  
  122  15:35  Marine  
  127  15:37  Marine  
  127  15:38  Marine  
  107  15:57  Marine  
  107  15:58  Marine  
  81  16:05  Marine x4  
  81  16:06  Widow Mine, Marauder x2  
  81  16:07  Widow Mine, Siege Tank  
  81  16:09  SCV x2  
  81  16:10  SCV  
  90  16:20  Marine x2, Medivac x2  
  90  16:23  Marauder x2  
  100  16:28  Widow Mine  
  100  16:29  Refinery  
  100  16:30  Refinery, Marauder  
  100  16:31  Marauder  
  106  16:36  Marine x2  
  106  16:37  Marine  
  109  16:45  Marine  
  109  16:46  Marine x2  
  112  16:48  Widow Mine  
  112  16:50  Medivac, Siege Tank  
  112  16:52  Marauder x2  
  112  16:54  Marine x2  
  123  17:04  Marauder  
  125  17:13  Marine x5  
  130  17:21  SCV x2  
  126  17:27  Marine x2  
  126  17:28  Marine  
  126  17:29  Widow Mine x2, Siege Tank  
  136  17:31  Medivac x2  
  136  17:32  Marauder  
  138  17:43  SCV  
  138  17:44  SCV x2  
  132  17:45  Marine  
  132  17:46  Marauder, Marine x3  
  132  17:48  Marine x2  
  140  17:53  Marine  
  141  18:01  Medivac x2  
  126  18:19  Marine x4  
  130  18:20  Marauder  
  130  18:21  Marauder x2  
  130  18:22  Widow Mine x2, Siege Tank  
Show
View Real Time Build Order
Export as new Build Order

ViBE Zerg - Winner!

Build Orders: Hatch First 

Get SALT Encoding   

  12  0:00  Drone  
  13  0:13  Overlord  
  13  0:20  Drone  
  14  0:32  Drone x2  
  16  0:38  Drone  
  17  0:52  Hatchery  
  17  0:56  Drone  
  17  0:58  Drone  
  18  1:09  Extractor  
  17  1:14  Spawning Pool  
  17  1:16  Drone  
  17  1:22  Drone  
  18  1:32  Drone  
  19  1:52  Overlord  
  19  2:01  Queen  
  19  2:03  Zergling x2  
  19  2:04  Zergling x2  
  19  2:05  Queen  
  19  2:08  Drone  
  26  2:11  Drone  
  27  2:16  Metabolic Boost  
  27  2:21  Drone  
  28  2:31  Drone  
  28  2:32  Drone  
  28  2:34  Drone  
  31  2:40  Drone  
  31  2:41  Queen  
  34  2:48  Drone x2  
  36  2:55  Hatchery  
  35  2:58  Overlord  
  35  3:03  Drone  
  36  3:21  Queen  
  36  3:23  Drone x6  
  44  3:30  Overlord  
  44  3:41  Roach Warren  
  43  3:58  Drone x2  
  45  4:07  Drone  
  45  4:08  Drone x7  
  53  4:17  Overlord  
  53  4:19  Overlord  
  53  4:22  Overlord  
  53  4:30  Overlord x3  
  53  4:33  Lair  
  53  4:36  Queen x2  
  59  4:45  Roach  
  59  4:46  Roach x3  
  59  4:47  Overlord x2  
  65  4:56  Roach  
  65  4:57  Drone x4  
  71  5:03  Extractor  
  71  5:04  Drone x10  
  71  5:05  Extractor  
  79  5:17  Drone x3  
  79  5:18  Baneling Nest  
  81  5:30  Drone  
  81  5:31  Hatchery  
  81  5:39  Drone x11  
  81  5:40  Extractor  
  81  5:41  Extractor  
  81  5:42  Extractor, Drone  
  90  5:48  Evolution Chamber  
  90  5:50  Drone, Evolution Chamber  
  90  5:52  Drone  
  90  5:55  Drone  
  90  5:59  Zergling x2  
  90  6:00  Zergling x6  
  90  6:01  Hydralisk Den  
  93  6:06  Centrifical Hooks  
  93  6:08  Zergling x4  
  93  6:11  Overlord  
  95  6:12  Hatchery  
  94  6:24  Roach x4  
  94  6:30  Roach  
  94  6:32  Roach x7  
  106  6:36  Overlord x4  
  93  6:48  Roach  
  93  6:49  Roach x4  
  99  7:00  Roach x4  
  83  7:13  Roach x4  
  83  7:16  Roach  
  79  7:24  Roach  
  79  7:25  Roach  
  77  7:36  Roach  
  81  7:37  Roach x2  
  81  7:49  Queen  
  83  7:54  Hatchery, Zerg Ground Armor Level 1  
  82  8:06  Drone x9  
  82  8:09  Zerg Melee Weapons Level 1  
  91  8:19  Zergling x6  
  94  8:24  Queen  
  96  8:29  Zergling x2  
  96  8:30  Zergling x16  
  105  8:35  Grooved Spines  
  105  8:38  Baneling  
  105  8:39  Baneling x5  
  105  8:53  Baneling  
  105  8:54  Baneling x10  
  104  8:56  Drone x2  
  104  8:57  Drone x3  
  104  9:00  Extractor x2  
  107  9:06  Drone x4  
  111  9:15  Drone x2  
  113  9:30  Hydralisk x4  
  121  9:35  Hatchery  
  120  9:53  Zerg Ground Armor Level 2  
  120  9:54  Hydralisk x2  
  120  9:55  Hydralisk, Zergling x6  
  120  9:56  Zergling x8  
  120  9:59  Baneling  
  133  10:00  Baneling x5  
  131  10:08  Queen  
  131  10:13  Zergling x6  
  122  10:30  Zergling x22  
  122  10:31  Zergling x14  
  98  10:59  Hydralisk x11  
  117  11:04  Zerg Melee Weapons Level 2  
  117  11:14  Drone x9  
  126  11:19  Baneling  
  126  11:20  Baneling x8  
  126  11:21  Baneling  
  126  11:22  Baneling x2  
  125  11:42  Zergling x22  
  125  11:43  Zergling x8  
  125  11:46  Baneling x3  
  140  11:55  Infestation Pit  
  140  12:00  Drone x5  
  133  12:14  Hatchery  
  132  12:21  Drone x2  
  132  12:22  Drone x4  
  138  12:24  Drone  
  138  12:25  Drone, Extractor  
  138  12:29  Zergling x4  
  141  12:30  Overlord x6  
  141  12:49  Hive  
  141  12:51  Zergling x2  
  141  12:52  Zergling x26  
  141  12:56  Baneling x8  
  141  12:57  Baneling  
  141  12:58  Baneling x3  
  155  13:34  Drone x6  
  155  13:35  Drone x9  
  170  13:46  Baneling x5  
  170  13:47  Baneling x7  
  169  13:56  Zergling x2  
  169  13:57  Zergling x42  
  156  14:13  Zergling x14  
  161  14:17  Hatchery  
  160  14:27  Baneling x15  
  160  14:28  Baneling  
  157  14:34  Zerg Melee Weapons Level 3, Zerg Ground Armor Level 3  
  157  14:37  Ultralisk Cavern  
  151  14:42  Zergling x2  
  151  14:43  Zergling x34  
  132  15:02  Hatchery  
  132  15:04  Drone  
  132  15:11  Muscular Augments  
  132  15:12  Hatchery  
  131  15:14  Overlord x2  
  131  15:19  Overseer x2  
  124  15:22  Baneling x10  
  124  15:23  Baneling x7  
  124  15:24  Hydralisk x4  
  124  15:26  Chitinous Plating  
  132  15:34  Zergling x16  
  140  15:42  Zergling x10  
  145  15:43  Zergling x6  
  135  16:01  Zergling x2  
  135  16:02  Zergling x10, Ultralisk  
  139  16:10  Pneumatized Carapace  
  139  16:23  Queen  
  142  16:25  Drone  
  142  16:26  Drone x3, Extractor  
  142  16:28  Drone  
  145  16:33  Ultralisk  
  145  16:34  Ultralisk x3  
  169  16:47  Anabolic Synthesis  
  169  16:53  Baneling x11  
  164  17:11  Lurker Den  
  156  17:23  Hatchery  
  156  17:25  Zergling x16  
  156  17:26  Zergling x28  
  172  17:55  Zergling x2  
  172  17:56  Zergling x22  
  178  18:21  Baneling  
  178  18:22  Baneling x15  
  178  18:32  Zergling x22  
  178  18:33  Zergling x8  
Tags
 
Add a new tag
Caveats
  • Supply blocks, unpowered buildings, or Contaminate may cause inaccurate times.
  • Supply counts are checked every 10 seconds.